 Dungeon Sprint DCSS version 0.17-a0-1262-gd250d98 (webtiles) character file.

9604 Kidiri the Unseen (level 11, -22/58 HPs)
             Began as a Spriggan Assassin on June 6, 2015.
             Was the Champion of Dithmenos.
             Annihilated by a komodo dragon (28 damage)
             ... in the Dungeon (Sprint III: "The Ten Rune Challenge").
             The game lasted 00:16:19 (3194 turns).

Kidiri the Unseen (Spriggan Assassin)               Turns: 3194, Time: 00:16:19

Health: -22/58     AC:  3    Str:  7    XL:     11   Next: 25%
Magic:  26/26      EV: 34    Int: 11    God:    Dithmenos [******]
Gold:   56         SH:  0    Dex: 21    Spells: 6 memorised, 2 levels left

rFire  . . .     SeeInvis +     b - +0 blowgun
rCold  . . .     Clarity  .     c - +0 robe
rNeg   . . .     SustAt   .     (shield restricted)
rPois  .         Gourm    .     (helmet restricted)
rElec  .         Spirit   .     d - +0 cloak
rCorr  .         Warding  .     (gloves unavailable)
rMut   .         NoTele   +     (boots unavailable)
MR     +....                    (no amulet)
Stlth  ++++++++++               (no ring)
                                (no ring)

@: wreathed by umbra, very quick, somewhat resistant to hostile enchantments,
uncannily stealthy
A: unfitting armour, see invisible, dopey 1, herbivore 3, speed 3, slow
metabolism 2, spit poison 1
a: Spit Poison, Shadow Step, Shadow Form, Renounce Religion


You were in the Dungeon.
You worshipped Dithmenos.
Dithmenos was exalted by your worship.
You were hungry.

You visited 1 branch You collected 56 gold pieces.

Inventory:

Hand weapons
 a - a +2 dagger
 b - a +0 blowgun (weapon)
 i - a +0 shortbow
Missiles
 e - 6 poisoned needles
 f - 2 curare-tipped needles (quivered)
 q - 32 arrows
Armour
 c - a +0 robe (worn)
 d - a +0 cloak (worn)
Magical devices
 x - a wand of digging (13)
Scrolls
 m - a scroll of blinking
 p - a scroll of recharging
 u - a scroll of remove curse
Potions
 k - 2 potions of magic
 n - a potion of berserk rage
 s - a potion of degeneration {unknown}
 t - 3 potions of flight
 v - 3 potions of cure mutation
 w - a potion of might
Books
 l - a book of Summonings

   Spells                             Type                      Level
   a - Recall                         Summoning/Translocation      3
   b - Aura of Abjuration             Summoning                    5
   c - Shadow Creatures               Summoning                    5
   d - Summon Demon                   Summoning                    5
   e - Summon Forest                  Summoning/Translocation      5
   f - Summon Mana Viper              Hexes/Summoning              5
Comestibles
 g - a bread ration
 r - 26 royal jellies


   Skills:
 + Level 7.4 Fighting
 * Level 13.1 Short Blades
 + Level 9.9 Throwing
 * Level 16.3 Dodging
 * Level 18.0 Stealth
 + Level 10.1 Spellcasting
 + Level 2.0 Hexes
 * Level 5.8 Summonings
 - Level 9.0 Translocations
 + Level 6.6 Invocations


You had 2 spell levels left.
You knew the following spells:

 Your Spells              Type           Power        Failure   Level  Hunger
a - Recall                Summ/Tloc      N/A          1%          3    ##.....
b - Aura of Abjuration    Summ           ###.......   38%         5    #####..
c - Shadow Creatures      Summ           N/A          38%         5    #####..
d - Summon Demon          Summ           ###.......   38%         5    #####..
e - Summon Forest         Summ/Tloc      ###.......   21%         5    #####..
f - Summon Mana Viper     Hex/Summ       ##......     82%         5    #####..


Dungeon Overview and Level Annotations

Branches:
Dungeon (1/1)

Altars:
Cheibriados
Dithmenos
Elyvilon
Fedhas
Gozag
Kikubaaqudgha
Makhleb
Nemelex Xobeh
Okawaru
Qazlal
Ru
Sif Muna
Trog
Vehumet
Xom
Yredelemnul
Zin
The Shining One
Jiyva
Lugonu


Innate Abilities, Weirdness & Mutations

You are tiny and cannot use many weapons and most armour.
You have supernaturally acute eyesight.
You are a herbivore.
You cover ground extremely quickly.
You need consume almost no food.
You are dopey. (Int -2)
You can spit weak poison.


Message History

The komodo dragon is severely wounded.
Your shadow hits the komodo dragon but does no damage.
The komodo dragon is no longer moving slowly.
The komodo dragon bites you!!
* * * LOW HITPOINT WARNING * * *
You hit the komodo dragon but do no damage.
The komodo dragon is severely wounded.
You closely miss the komodo dragon.
The komodo dragon is severely wounded.
The komodo dragon completely misses you.
Unknown command.
Wield which item (- for none, * to show all)? (? for menu, Esc to quit)
b - a +0 blowgun (weapon)
Firing (i - inventory. (,) - cycle):
f - 3 curare-tipped needles (quivered)
Press: ? - help, Shift-Dir - straight line, f/p - komodo dragon
Aim: a komodo dragon (black smoke, severely wounded, poisoned, umbra)
You shoot a curare-tipped needle.
The curare-tipped needle closely misses the komodo dragon.
The komodo dragon bites you!!
You die...

'#$$
.#o###########################
.#..≈§≈§.#.(...'.#.#.#.+...≈≈#
.#.#≈§≈#.#)#...##.#.#.##...≈≈###
?'.#§§§#.#.#...#.#.#.#.#...≈≈≈≈#
.#.#§§§#...#...##.#.#.##...≈≈≈≈#
▓▓▓▓▓▓▓▓▓▓▓▓▓▓▓#.#.#.#.#.......#
≈........≈≈≈.)§##§#.#.##.......#
≈≈≈≈≈≈≈≈≈≈≈♣♣(§l@#.#.#.#.......#
♣♣♣♣♣♣♣♣♣♣♣♣♣.§##§#.#.##########
♣♣♣##§######## #...+§§§§≈#
#...#§§§≈≈# #).)#§#§§§# #####.#
§§§# #%PPP.# §§≈ #.)P.P#


You could see a komodo dragon.

Vanquished Creatures
  Sigmund (D)
  Snorg (D)
  A centaur warrior (D)
  An unseen horror (D)
  Edmund (D)
  A deep elf priest (D)
  A spiny frog (D)
  3 wandering mushrooms (D)
  A queen bee (D)
  An orc high priest (D)
  A shadow (D)
  A spatial vortex (D)
  A necrophage (D)
  2 centaurs (D)
  An earth elemental (D)
  A water elemental (D)
  A scorpion (D)
  32 killer bees (D)
  3 orc priests (D)
  A jelly (D)
  A necromancer (D)
  A wizard (D)
  3 humans (D)
  A kobold demonologist (D)
  2 oozes (D)
  3 orcs (D)
  2 rats (D)
  A plant (D)
70 creatures vanquished.

Vanquished Creatures (others)
  2 draconian scorchers (D)
  3 yaktaurs (D)
  3 plants (D)
8 creatures vanquished.

Grand Total: 78 creatures vanquished

Notes
Turn   | Place    | Note
--------------------------------------------------------------
     0 | D        | Kidiri the Spriggan Assassin began the quest for the Orb.
     0 | D        | Reached XP level 1. HP: 10/10 MP: 2/2
    10 | D        | Reached skill level 6 in Stealth
    16 | D        | Reached skill level 1 in Spellcasting
    16 | D        | Reached XP level 2. HP: 13/15 MP: 2/4
    31 | D        | Killed a yaktaur
    60 | D        | Noticed a scorpion
    63 | D        | Killed a scorpion
    63 | D        | Reached skill level 5 in Dodging
    63 | D        | Reached skill level 7 in Stealth
    63 | D        | Reached XP level 3. HP: 16/19 MP: 4/7
    87 | D        | Reached skill level 8 in Stealth
    87 | D        | Reached XP level 4. HP: 3/23 MP: 6/9
   102 | D        | Gained mutation: Your muscles are strong. (Str +2) [potion of mutation]
   102 | D        | Lost mutation: Your muscles are strong. (Str +2) [potion of mutation]
   102 | D        | Gained mutation: You are dopey. (Int -2) [potion of mutation]
   103 | D        | Gained mutation: You can spit weak poison. [potion of mutation]
   241 | D        | Killed a white draconian scorcher
   256 | D        | Killed a white draconian scorcher
   460 | D        | Noticed a water elemental
   465 | D        | Killed a water elemental
   465 | D        | Reached skill level 5 in Short Blades
   465 | D        | Reached skill level 9 in Stealth
   655 | D        | Noticed a jelly
   657 | D        | Noticed a shadow
   659 | D        | Killed a shadow
   659 | D        | Reached skill level 10 in Stealth
   659 | D        | Reached XP level 5. HP: 27/29 MP: 10/12
   663 | D        | Killed a jelly
   663 | D        | Reached skill level 5 in Throwing
   663 | D        | Reached XP level 6. HP: 30/33 MP: 10/13
   670 | D        | Found a stormy altar of Qazlal.
   670 | D        | Found a sacrificial altar of Ru.
   670 | D        | Found a burning altar of Makhleb.
   670 | D        | Found a shimmering altar of Xom.
   670 | D        | Noticed a spatial vortex
   671 | D        | Killed a spatial vortex
   671 | D        | Reached skill level 11 in Stealth
   671 | D        | Reached skill level 5 in Spellcasting
   672 | D        | Found a viscous altar of Jiyva.
   672 | D        | Found a shadowy altar of Dithmenos.
   672 | D        | Found a sparkling altar of Nemelex Xobeh.
   672 | D        | Found a corrupted altar of Lugonu.
   672 | D        | Found an opulent altar of Gozag.
   676 | D        | Became a worshipper of Dithmenos the Shadowed
   698 | D        | Found a glowing silver altar of Zin.
   698 | D        | Found a glowing golden altar of the Shining One.
   698 | D        | Found a white marble altar of Elyvilon.
   699 | D        | Noticed a deep elf priest
   701 | D        | Killed a deep elf priest
   701 | D        | Reached skill level 10 in Dodging
   701 | D        | Reached skill level 12 in Stealth
   701 | D        | Reached XP level 7. HP: 35/38 MP: 13/17
   723 | D        | Found a radiant altar of Vehumet.
   723 | D        | Found a deep blue altar of Sif Muna.
   723 | D        | Found an ancient bone altar of Kikubaaqudgha.
   723 | D        | Noticed a wizard
   725 | D        | Killed a wizard
   738 | D        | Learned a level 3 spell: Recall
   744 | D        | Learned a level 5 spell: Aura of Abjuration
   750 | D        | Learned a level 5 spell: Shadow Creatures
   756 | D        | Learned a level 5 spell: Summon Demon
   768 | D        | Found an iron altar of Okawaru.
   769 | D        | Found a bloodstained altar of Trog.
   769 | D        | Noticed a human
   769 | D        | Noticed a human
   771 | D        | Killed a human
   771 | D        | Reached skill level 13 in Stealth
   771 | D        | Reached skill level 1 in Translocations
   771 | D        | Reached skill level 1 in Invocations
   772 | D        | Killed a human
   772 | D        | Reached skill level 5 in Fighting
   772 | D        | Reached skill level 1 in Summonings
   788 | D        | Found a basalt altar of Yredelemnul.
   788 | D        | Found a snail-covered altar of Cheibriados.
   788 | D        | Found a blossoming altar of Fedhas.
   788 | D        | Noticed a necrophage
   788 | D        | Noticed a necromancer
   790 | D        | Killed a necrophage
   790 | D        | Acquired Dithmenos's first power
   790 | D        | Reached XP level 8. HP: 43/43 MP: 18/18
   802 | D        | Killed a necromancer
   827 | D        | Noticed Snorg
   829 | D        | Killed Snorg
   829 | D        | Reached skill level 10 in Short Blades
   829 | D        | Reached skill level 14 in Stealth
   835 | D        | Noticed an earth elemental
   838 | D        | Killed an earth elemental
   843 | D        | Noticed a centaur
   843 | D        | Noticed a centaur warrior
   843 | D        | Noticed a centaur
   856 | D        | Killed a centaur
   856 | D        | Reached XP level 9. HP: 40/47 MP: 21/21
   879 | D        | Killed a centaur warrior
   879 | D        | Acquired Dithmenos's second power
   879 | D        | Reached skill level 15 in Stealth
   879 | D        | Reached skill level 5 in Translocations
   892 | D        | Killed a centaur
  1012 | D        | Noticed an unseen horror
  1014 | D        | Killed an unseen horror
  1025 | D        | Noticed Sigmund
  1025 | D        | Noticed Edmund
  1028 | D        | Killed Sigmund
  1028 | D        | Reached skill level 15 in Dodging
  1028 | D        | Reached skill level 17 in Stealth
  1028 | D        | Reached skill level 5 in Summonings
  1028 | D        | Reached skill level 5 in Invocations
  1028 | D        | Reached XP level 10. HP: 52/55 MP: 18/24
  1029 | D        | Killed Edmund
  1066 | D        | Noticed an orc high priest
  1066 | D        | Noticed an orc priest
  1068 | D        | Noticed an orc priest
  1068 | D        | Noticed an orc priest
  1069 | D        | Killed an orc high priest
  1070 | D        | Killed an orc priest
  1070 | D        | Acquired Dithmenos's third power
  1072 | D        | Killed an orc priest
  1076 | D        | Killed an orc priest
  1154 | D        | Noticed a wandering mushroom
  1158 | D        | Noticed a wandering mushroom
  1160 | D        | Noticed a wandering mushroom
  1162 | D        | Killed a wandering mushroom
  1167 | D        | Killed a wandering mushroom
  1170 | D        | Killed a wandering mushroom
  1170 | D        | Reached XP level 11. HP: 58/58 MP: 25/25
  1176 | D        | Noticed a spiny frog
  1176 | D        | Noticed a komodo dragon
  1176 | D        | Noticed a spiny frog
  1221 | D        | HP: 1/58 [spiny frog (25)]
  1412 | D        | Killed a yaktaur
  1592 | D        | Noticed a killer bee
  1592 | D        | Noticed a killer bee
  1592 | D        | Noticed a killer bee
  1592 | D        | Noticed a killer bee
  1592 | D        | Noticed a killer bee
  1592 | D        | Noticed a killer bee
  1592 | D        | Noticed a killer bee
  1592 | D        | Noticed a killer bee
  1592 | D        | Noticed a killer bee
  1592 | D        | Noticed a killer bee
  1592 | D        | Noticed a killer bee
  1592 | D        | Noticed a killer bee
  1592 | D        | Noticed a killer bee
  1592 | D        | Noticed a killer bee
  1592 | D        | Noticed a killer bee
  1600 | D        | Killed a killer bee
  1604 | D        | Noticed a killer bee
  1604 | D        | Noticed a killer bee
  1604 | D        | Noticed a killer bee
  1606 | D        | Noticed a killer bee
  1606 | D        | Noticed a killer bee
  1606 | D        | Noticed a killer bee
  1607 | D        | Noticed a killer bee
  1608 | D        | Noticed a killer bee
  1609 | D        | Noticed a killer bee
  1609 | D        | Noticed a killer bee
  1611 | D        | Noticed a killer bee
  1611 | D        | Killed a killer bee
  1614 | D        | Noticed a killer bee
  1624 | D        | Noticed a killer bee
  1629 | D        | Noticed a killer bee
  1631 | D        | Noticed a killer bee
  1633 | D        | Killed a killer bee
  1641 | D        | Noticed a killer bee
  1646 | D        | Noticed a queen bee
  1646 | D        | Killed a killer bee
  1646 | D        | Acquired Dithmenos's fourth power
  1650 | D        | Noticed a killer bee
  1653 | D        | Killed a killer bee
  1661 | D        | Killed a killer bee
  1679 | D        | Killed a killer bee
  1689 | D        | Killed a killer bee
  1700 | D        | Killed a killer bee
  1719 | D        | Killed a killer bee
  1731 | D        | Killed a killer bee
  1743 | D        | Killed a killer bee
  1753 | D        | Killed a killer bee
  1768 | D        | Killed a killer bee
  1781 | D        | Killed a killer bee
  1794 | D        | Killed a killer bee
  1803 | D        | Killed a killer bee
  1803 | D        | Reached skill level 10 in Spellcasting
  1819 | D        | Killed a yaktaur
  1820 | D        | HP: 2/58 [poisoned by a killer bee]
  1827 | D        | HP: 2/58 [poisoned by a killer bee]
  1832 | D        | HP: 1/58 [poisoned by a killer bee]
  1839 | D        | HP: 1/58 [poisoned by a killer bee]
  1846 | D        | HP: 1/58 [poisoned by a killer bee]
  1852 | D        | HP: 1/58 [poisoned by a killer bee]
  2260 | D        | Learned a level 5 spell: Summon Forest
  2266 | D        | Learned a level 5 spell: Summon Mana Viper
  2288 | D        | Killed a killer bee
  2300 | D        | Killed a killer bee
  2375 | D        | Killed a killer bee
  2390 | D        | Killed a killer bee
  2407 | D        | Killed a killer bee
  2444 | D        | Killed a killer bee
  2458 | D        | Killed a killer bee
  2473 | D        | Killed a killer bee
  2487 | D        | Killed a killer bee
  2487 | D        | Reached skill level 1 in Hexes
  2502 | D        | Killed a killer bee
  2519 | D        | Killed a killer bee
  2528 | D        | Killed a killer bee
  2540 | D        | Killed a killer bee
  2851 | D        | Noticed an orc high priest
  2851 | D        | Noticed an orc wizard
  2851 | D        | Noticed an orc priest
  2851 | D        | Noticed an orc sorcerer
  2851 | D        | Noticed an orc sorcerer
  2893 | D        | Killed a killer bee
  2920 | D        | Killed a queen bee
  2929 | D        | Killed a killer bee
  2929 | D        | Reached skill level 18 in Stealth
  3046 | D        | Killed a spiny frog
  3194 | D        | Annihilated by a komodo dragon

Vault maps used:
D:        dungeon_sprint_mu

Action                   |  1- 3 |  4- 6 |  7- 9 | 10-12 || total
-------------------------+-------+-------+-------+-------++-------
Melee: Dagger            |    29 |     8 |    50 |   543 ||   630
 Fire: Blowgun           |       |       |    10 |    15 ||    25
       Shortbow          |       |       |       |     1 ||     1
Invok: Shadow Step       |       |       |     1 |     1 ||     2
  Use: Potion            |       |     3 |     1 |     2 ||     6
       Scroll            |       |       |     4 |       ||     4
 Stab: Sleeping          |     3 |     4 |     9 |     8 ||    24
       Distracted        |       |       |       |     2 ||     2
  Eat: Royal jelly       |       |       |       |     1 ||     1
